 Dungeon Crawl Stone Soup version 0.26.1-11-gd32895ea62 (webtiles) character file.

Game seed: 4018397685450434530

2844 Zeld the Severer (level 9, -5/105 HPs)
             Began as a Minotaur Berserker on May 23, 2021.
             Was a Priest of Trog.
             Slain by a hornet (10 damage)
             ... while paralysed by a hornet
             ... on level 7 of the Dungeon.
             The game lasted 00:10:45 (13713 turns).

Zeld the Severer (Minotaur Berserker)              Turns: 13713, Time: 00:10:46

Health: -5/105     AC:  2    Str: 25    XL:     9   Next: 46%
Magic:  8/8        EV:  2    Int:  4    God:    Trog [***...]
Gold:   80         SH:  0    Dex: 10    Spells: 8/8 levels left

rFire    . . .     SeeInvis .   (no weapon)
rCold    . . .     Faith    .   (no shield)
rNeg     . . .     Spirit   .   (no armour)
rPois    .         Reflect  .   (helmet restricted)
rElec    .         Harm     .   (no cloak)
rCorr    .         Rampage  .   (no gloves)
Will     .....                  c - +1 pair of boots
Stlth    ..........             (no amulet)
HPRegen  0.27/turn              (no ring)
MPRegen  0.11/turn              (no ring)

@: paralysed, berserking, lethally poisoned (-5 -> -40), slowed
A: retaliatory headbutt, horns 2
a: Renounce Religion, Berserk, Trog's Hand


You were on level 7 of the Dungeon.
You worshipped Trog.
Trog was most pleased with you.
You visited 2 branches of the dungeon, and saw 8 of its levels.

You collected 390 gold pieces.
You spent 310 gold pieces at shops.

Inventory:

Armour
 c - a +1 pair of boots (worn)
Jewellery
 u - an uncursed ring of protection from fire
 C - an uncursed ring of resist corrosion
Wands
 f - a wand of polymorph (11)
 h - a wand of acid (7)
 k - a wand of digging (4)
 q - a wand of disintegration (11)
 s - a wand of paralysis (7)
 t - a wand of flame (9)
Scrolls
 i - 4 scrolls of remove curse
 j - a scroll of blinking
 l - 3 scrolls of magic mapping
 w - a scroll of teleportation
 y - a scroll of fear
 A - a scroll of identify
Potions
 d - 3 potions of brilliance {unknown}
 e - 3 potions of haste {unknown}
 g - 2 potions of berserk rage {unknown}
 m - a potion of resistance {unknown}
 n - 3 potions of curing {unknown}
 o - a potion of flight {unknown}
 p - 2 potions of magic {unknown}
 r - 2 potions of attraction {unknown}
 v - a potion of invisibility {unknown}
 x - a potion of mutation {unknown}
 z - a potion of ambrosia {unknown}
 B - 3 potions of might


   Skills:
 - Level 3.6 Fighting
 * Level 15.1 Axes
 - Level 2.4 Armour
 - Level 2.1 Dodging


You had 8 spell levels left.
You didn't know any spells.
Your spell library was empty.

Dungeon Overview and Level Annotations

Branches:
Dungeon (7/15)             Temple (1/1) D:6

Altars:
Cheibriados
Gozag
Hepliaklqana
Makhleb
Nemelex Xobeh
Ru
Sif Muna
Trog
Uskayaw
Vehumet
Wu Jian
Yredelemnul
Zin
The Shining One
Lugonu

Shops:
D:5 *   D:7 (}


Innate Abilities, Weirdness & Mutations

You reflexively headbutt those who attack you in melee.
You have a pair of horns on your head.


Message History

You feel as though you will be slow longer.
You are too injured to fight recklessly!
You closely miss the hornet. Your headbutt misses the hornet.
The hornet is moderately wounded.
You feel sick. The hornet closely misses you. You furiously retaliate!
You headbutt the hornet.
Unknown command.
You miss the hornet.
The hornet is moderately wounded.
You feel sick. The hornet stings you.
* * * LOW HITPOINT WARNING * * *
You are lethally poisoned!
You suddenly lose the ability to move!
The hornet stings you!
* * * LOW HITPOINT WARNING * * *
You are more poisoned.
You shrug off the repeated paralysis!
* * * LOW HITPOINT WARNING * * *
You feel very sick. The hornet stings you!
You die...

#.# #.#.# #.#
#.#.# #.#
#.#.# #.#
#.#.#
..###.#.# ♣♣♣♣
......#.#
♣♣..)♣
#######.#
♣..?.. ♣ #.#
♣!....♣♣♣ ♣♣
#.# ♣...y@.♣
♣♣♣♣. #.#
♣.♣.♣♣.♣♣
♣.♣♣♣♣.... #.#
♣.♣♣ ♣.....♣♣♣
#.# ♣♣.♣♣♣
♣♣♣♣...♣ #.#
♣♣..♣♣♣
♣♣...♣♣ #.#
♣♣♣..♣♣♣
♣...... #.#
♣♣♣..♣♣♣..♣♣♣♣
#.# ♣♣♣....♣♣
#.# ♣♣♣♣♣♣


You could see a hornet.

Vanquished Creatures
  Sigmund (D:3)
  A water moccasin (D:7)
  4 sky beasts
  2 black bears (D:6)
  An ice beast (D:5)
  2 phantoms
  2 centaurs
  3 ogres
  A big kobold (D:7)
  A bullfrog (D:7)
  A scorpion (D:5)
  A howler monkey (D:7)
  6 wights
  A bullfrog skeleton (D:4)
  A jelly (D:6)
  2 hounds
  3 orc priests (D:7)
  An iron imp (D:2)
  4 orc wizards
  Ijyb (D:3)
  Natasha (thrice) (D:2)
  4 worker ants
  A killer bee zombie (D:7)
  Robin (D:3)
  A howler monkey skeleton (D:4)
  9 adders
  An ufetubus (D:5)
  2 oozes
  2 adder skeletons
  4 worms
  5 dart slugs
  9 leopard geckos
  11 orcs
  3 ball pythons
  5 giant cockroaches
  17 goblins
  15 hobgoblins
  6 jackals
  7 quokkas
  10 bats
  6 frilled lizards
  19 kobolds
  A leopard gecko skeleton (D:7)
  A quokka skeleton (D:4)
  10 rats
192 creatures vanquished.

Vanquished Creatures (collateral kills)
  2 wights (D:7)
2 creatures vanquished.

Vanquished Creatures (others)
  A plant (D:7)
1 creature vanquished.

Grand Total: 195 creatures vanquished

Notes
Turn   | Place    | Note
-------+----------+-------------------------------------------
     0 | D:1      | Zeld the Minotaur Berserker began the quest for the Orb.
     0 | D:1      | Reached XP level 1. HP: 19/19 MP: 0/0
    37 | D:1      | Reached skill level 4 in Axes
   310 | D:1      | Reached XP level 2. HP: 26/26 MP: 1/1
   911 | D:1      | Reached skill level 5 in Axes
  1002 | D:1      | Reached XP level 3. HP: 25/31 MP: 2/2
  1423 | D:2      | Reached ** piety under Trog
  1429 | D:2      | Found a snail-covered altar of Cheibriados.
  2314 | D:2      | Reached skill level 6 in Axes
  2314 | D:2      | Reached XP level 4. HP: 29/39 MP: 3/3
  2451 | D:2      | Found a burning altar of Makhleb.
  2674 | D:2      | Found an opulent altar of Gozag.
  2697 | D:2      | Noticed Natasha
  2703 | D:2      | Killed Natasha
  2851 | D:2      | Reached skill level 7 in Axes
  2851 | D:2      | Reached XP level 5. HP: 30/45 MP: 4/4
  3398 | D:2      | Noticed Natasha
  3403 | D:2      | Killed Natasha
  3455 | D:2      | Noticed Natasha
  3465 | D:2      | Killed Natasha
  3800 | D:3      | Noticed Robin
  3808 | D:3      | Reached *** piety under Trog
  3815 | D:3      | Killed Robin
  4181 | D:3      | Reached skill level 8 in Axes
  4191 | D:3      | Reached XP level 6. HP: 27/51 MP: 5/5
  4382 | D:3      | Found a burning altar of Makhleb.
  4878 | D:3      | Found an ornate altar of the Wu Jian Council.
  5058 | D:3      | Noticed Ijyb
  5073 | D:3      | Killed Ijyb
  5566 | D:3      | Found a sacrificial altar of Ru.
  5701 | D:3      | Found a glowing golden altar of the Shining One.
  6127 | D:3      | Noticed Sigmund
  6140 | D:3      | Killed Sigmund
  6141 | D:3      | Reached skill level 9 in Axes
  6141 | D:3      | Reached XP level 7. HP: 51/57 MP: 6/6
  6592 | D:4      | Reached skill level 10 in Axes
  7312 | D:5      | Entered Level 5 of the Dungeon
  7312 | D:5      | Found Wuabublof's General Store.
  7393 | D:5      | Bought a scroll of identify for 20 gold pieces
  7393 | D:5      | Bought a wand of digging (4) for 160 gold pieces
  7393 | D:5      | Bought a scroll of identify for 20 gold pieces
  7767 | D:5      | Reached skill level 11 in Axes
  7768 | D:5      | Reached XP level 8. HP: 61/64 MP: 7/7
  7926 | D:5      | Reached **** piety under Trog
  8424 | D:5      | Bought a scroll of enchant weapon for 75 gold pieces
  8455 | D:6      | Reached skill level 12 in Axes
  8496 | D:6      | Found a radiant altar of Vehumet.
  9376 | D:6      | Reached skill level 13 in Axes
 10066 | D:6      | Found a staircase to the Ecumenical Temple.
 10092 | Temple   | Entered the Ecumenical Temple
 10282 | D:5      | Bought a scroll of magic mapping for 35 gold pieces
 10626 | D:7      | Found Kiecviy's Hydra Hut.
 10678 | D:7      | Noticed a five-headed hydra
 10688 | D:7      | Reached XP level 9. HP: 70/70 MP: 8/8
 10886 | D:6      | Reached skill level 14 in Axes
 10890 | D:6      | HP: 3/70 [poisoned by a worker ant]
 10897 | D:6      | HP: 3/70 [poisoned by a worker ant]
 10902 | D:6      | HP: 2/70 [poisoned by a worker ant]
 12636 | D:7      | Found Odaant's Gadget Boutique.
 13332 | D:7      | Reached skill level 15 in Axes
 13706 | D:7      | Paralysed by a hornet for 3 turns
 13712 | D:7      | Paralysed by a hornet for 2 turns
 13713 | D:7      | HP: 5/105 [poisoned by a hornet]
 13713 | D:7      | Slain by a hornet

Illustrated notes

Levels and vault maps discovered:
D:1:      nzn_arrival_settlement, layout_basic
D:2:      layout_loops_corners, nicolae_overflow_crystal_walls,
          kennysheep_slug_shrine, makhleb_grotto_becter, uniq_natasha
D:3:      layout_basic, old_standard_altar, nzn_wu_jian_council_hall,
          lemuel_coloured_pillars_altar, makhleb_heckhound_becter, uniq_ijyb,
          uniq_sigmund, uniq_robin
D:4:      layout_cave_pods
D:5:      layout_basic, serial_shops, shop_fountains, minmay_fountain_box
D:6:      layout_rooms, minmay_temple_entry_glassed_door, basic_altar,
          minmay_checkerbox
D:7:      kb_forest_paths, layout_basic, serial_shops, kennysheep_little_box,
          doesnt_shop_hydraphobe
Temple:   corrupted_temple

Skill      XL: |  1  2  3  4  5  6  7  8  9 |
---------------+----------------------------+-----
Axes           | 4 5 6 7 8 9 11 13 15 | 15.1
Fighting       | |  3.6
Armour         | |  2.4
Dodging        | |  2.1

Action                   |  1- 3 |  4- 6 |  7- 9 || total
-------------------------+-------+-------+-------++-------
Melee: Hand axe          |   117 |   171 |    88 ||   376
       Headbutt          |    14 |    28 |    53 ||    95
       War axe           |       |       |    33 ||    33
       Unarmed           |       |       |   144 ||   144
Invok: Berserk           |     1 |     4 |     9 ||    14
       Brothers in Arms  |       |       |     1 ||     1
  Use: Scroll            |       |       |    20 ||    20
 Stab: Sleeping          |     1 |       |     1 ||     2
Armor: Skin              |       |       |    25 ||    25
Dodge: Dodged            |    38 |    31 |   163 ||   232
Block: Tower shield      |    61 |    92 |       ||   153
